 Dungeon Crawl Stone Soup version 0.18.1-1-g2f07953 (webtiles) character file.

920 Eucla the Ruffian (level 7, -10/71 HPs)
             Began as a Troll Berserker on May 6, 2016.
             Was a Priest of Trog.
             Killed by divine providence
             ... invoked by an orc priest
              (16 damage)
             ... on level 6 of the Dungeon.
             The game lasted 00:03:18 (3776 turns).

Eucla the Ruffian (Troll Berserker)                 Turns: 3776, Time: 00:03:19

Health: -10/71     AC:  6    Str: 26    XL:     7   Next: 83%
Magic:  6/6        EV: 11    Int:  3    God:    Trog [***...]
Gold:   243        SH:  0    Dex: 11    Spells: 0 memorised, 6 levels left

rFire  . . .     SeeInvis .       - Unarmed
rCold  . . .     Gourm    +     a - +0 animal skin
rNeg   . . .     Faith    .     (no shield)
rPois  .         Spirit   .     (helmet restricted)
rElec  .         Dismiss  .     p - +0 cloak (curse)
rCorr  .         Reflect  .     (gloves unavailable)
SustAt .         Harm     .     (boots unavailable)
MR     .....                    (no amulet)
Stlth  +.........               (no ring)
                                (no ring)

@: exhausted, slowed, very slow, not resistant to hostile enchantments, very
unstealthy
A: unfitting armour, claws 3, fast metabolism 3, gourmand, regeneration 2,
shaggy fur 1, tough skin 2
a: Berserk, Trog's Hand, Burn Spellbooks, Renounce Religion


You were on level 6 of the Dungeon.
You worshipped Trog.
Trog was most pleased with you.
You were not hungry.

You visited 1 branch of the dungeon, and saw 6 of its levels.

You collected 243 gold pieces.

Inventory:

Missiles
 v - 4 large rocks (quivered)
Armour
 a - a +0 animal skin (worn)
 p - a cursed +0 cloak (worn)
Jewellery
 y - an uncursed ring of flight {unknown}
Scrolls
 d - a scroll of blinking {unknown}
 f - a scroll of remove curse {unknown}
 g - a scroll of noise {unknown}
 h - 6 scrolls of identify {unknown}
 l - 2 scrolls of fear {unknown}
 o - 2 scrolls of amnesia {unknown}
 r - a scroll of recharging {unknown}
 t - a scroll of immolation {unknown}
 w - a scroll of fog {unknown}
 A - a scroll of teleportation {unknown}
 C - 2 scrolls of magic mapping {unknown}
Potions
 c - a potion of brilliance {unknown}
 e - a potion of lignification {unknown}
 i - 2 potions of mutation {unknown}
 j - 3 potions of flight {unknown}
 k - 2 potions of berserk rage {unknown}
 n - 2 potions of curing {unknown}
 B - a potion of degeneration {unknown}
 D - a potion of resistance {unknown}
 E - 2 potions of cure mutation {unknown}
Books
 u - a book of Geomancy

   Spells                             Type                      Level
   a - Sandblast                      Earth                        1
   b - Passwall                       Transmutation/Earth          2
   c - Stone Arrow                    Conjuration/Earth            3
   d - Petrify                        Transmutation/Earth          4
   e - Lee's Rapid Deconstruction     Earth                        5
   Trog disapproves of the use of such an item.
Comestibles
 b - 3 bread rations
 m - 4 fruits
 q - a royal jelly
 s - a slice of pizza
 x - a meat ration
 z - a beef jerky


   Skills:
 + Level 4.3 Fighting
 + Level 4.4 Dodging
 * Level 7.1 Unarmed Combat


You had 6 spell levels left.
You didn't know any spells.

Dungeon Overview and Level Annotations

Branches:
Dungeon (6/15)
 Temple: D:4-7

Altars:
Kikubaaqudgha
Pakellas
Qazlal


Innate Abilities, Weirdness & Mutations

You are too large for most types of armour.
You have claws for hands.
Your metabolism is lightning-fast.
You like to eat raw meat.
You heal very quickly.
You are covered in fur (AC +1).
You have very tough skin (AC +2).


Message History

Unknown command.
You miss something. Your claw misses something.
You are no longer berserk.
You are exhausted.
You feel yourself slow down. Something hits you but does no damage.
You barely miss something.
The orc warrior hits you from afar with a trident.
You hear some strange, mumbled words.
A magic dart appears from out of thin air!
The magic dart hits you!
The orc priest miscasts a cantrip.
The orc warrior hits you from afar with a trident!
* * * LOW HITPOINT WARNING * * *
You scratch something but do no damage. Something hits you but does no damage.
The orc warrior hits you from afar with a trident.
* * * LOW HITPOINT WARNING * * *
You barely miss something. Something hits you but does no damage.
The orc priest mumbles some strange prayers to Beogh against you.
Beogh smites you!
You die...

#< .##.#.#.# ... ...
........ #.. #.#
...#.#.# #...#.#
#.##.#.# ###...#.#
#.##.#.#
......#.####.##.#.#
#.........?.......#
#.......o####.....#
#......oo{@.......#
#.......o########.#
#........########.#
#........##.......#
#........##.......####
#........##..........+
#........##.......####
#........##.......#
#.......#


You could see an orc warrior, an orc priest and 2 orcs.

Vanquished Creatures
  The ghost of Eucla the Ruffian, an amateur VSMo of Fedhas (D:4)
  An ice beast (D:5)
  An ogre (D:5)
  3 wights (D:5)
  A howler monkey (D:5)
  2 crimson imps (D:5)
  A giant frog zombie (D:5)
  An orc priest (D:6)
  2 orc wizards
  2 iguanas
  3 worker ants (D:5)
  Terence (D:2)
  A hound skeleton (D:5)
  4 adders
  A shadow imp (D:5)
  An adder zombie (D:6)
  An adder skeleton (D:5)
  4 giant geckos
  20 orcs
  4 giant cockroaches
  7 goblins
  3 hobgoblins
  2 jackals (D:4)
  4 kobolds
  A quokka (D:6)
  3 ball pythons
  A ball python skeleton (D:4)
  10 bats
  3 giant newts
  A quokka skeleton (D:3)
  A quokka zombie (D:5)
  3 rats
94 creatures vanquished.

Notes
Turn   | Place    | Note
--------------------------------------------------------------
     0 | D:1      | Eucla the Troll Berserker began the quest for the Orb.
     0 | D:1      | Reached XP level 1. HP: 22/22 MP: 0/0
   213 | D:1      | Reached XP level 2. HP: 19/29 MP: 1/1
   983 | D:2      | Reached ** piety under Trog
   983 | D:2      | Reached XP level 3. HP: 33/36 MP: 2/2
  1130 | D:2      | Noticed Terence
  1136 | D:2      | Killed Terence
  1408 | D:2      | Reached skill level 4 in Unarmed Combat
  1735 | D:3      | Found an oddly glowing altar of Pakellas.
  1809 | D:3      | Reached XP level 4. HP: 44/44 MP: 3/3
  2555 | D:4      | Noticed Eucla's ghost (amateur VSMo)
  2564 | D:4      | Killed Eucla's ghost
  2564 | D:4      | Reached XP level 5. HP: 37/53 MP: 4/4
  2577 | D:4      | Reached skill level 5 in Unarmed Combat
  2681 | D:4      | Found an ancient bone altar of Kikubaaqudgha.
  2889 | D:5      | Entered Level 5 of the Dungeon
  2899 | D:5      | Reached XP level 6. HP: 61/61 MP: 5/5
  2919 | D:5      | Reached *** piety under Trog
  3041 | D:5      | Found a stormy altar of Qazlal.
  3128 | D:5      | Reached skill level 6 in Unarmed Combat
  3190 | D:5      | Reached XP level 7. HP: 56/68 MP: 6/6
  3711 | D:5      | Reached skill level 7 in Unarmed Combat
  3776 | D:6      | Killed from afar by an orc priest

Skill      XL: |  1  2  3  4  5  6  7 |
---------------+----------------------+-----
Unarmed Combat | 4 5 6 7 |  7.1
Fighting       | 3 4 |  4.3
Dodging        | 3 4 |  4.4

Action                   |  1- 3 |  4- 6 |  7- 9 || total
-------------------------+-------+-------+-------++-------
Melee: Unarmed           |    98 |   119 |    72 ||   289
       Punch             |     1 |     5 |     1 ||     7
Invok: Berserk           |       |       |     1 ||     1
  Eat: Chunk             |    15 |    14 |       ||    29
       Bread ration      |     1 |       |       ||     1
       Beef jerky        |     1 |       |       ||     1
Armor: Animal skin       |    42 |    51 |    23 ||   116
Dodge: Dodged            |    57 |    55 |    31 ||   143
